 Dungeon Crawl Stone Soup version 0.31.0-1-g2c135a0 (webtiles) character file.

Game seed: 2260750540870110674

22 jagoly the Trooper (level 2, -3/19 HPs)
             Began as a Gargoyle Monk on Jan 25, 2024.
             Slain by a gnoll
             ... wielding a +0 spear
              (5 damage)
             ... on level 2 of the Dungeon.
             The game lasted 00:02:19 (349 turns).

jagoly the Trooper (Gargoyle Monk)                   Turns: 349, Time: 00:02:19

Health: -3/19      AC:  4    Str: 14    XL:     2   Next: 91%
Magic:  2/2        EV: 12    Int: 10    God:
Gold:   31         SH:  0    Dex: 12    Spells: 1/1 levels left

rFire   . . .        a - +0 hand axe
rCold   . . .        d - orb {light}
rNeg    + . .        b - +0 robe
rPois   ∞            (no helmet)
rElec   +            (no cloak)
rCorr   .            (no gloves)
SInv    .            (no boots)
Will    .....        (no amulet)
Stlth   +            (no ring)
HPRegen 0.23/turn    (no ring)
MPRegen 0.08/turn

%: no passive effects
@: glowing
A: sickness immunity, AC +2, negative energy resistance 1, electricity
resistance, torment resistance 1, petrification resistance
a: no special abilities


You were on level 2 of the Dungeon.
You visited 1 branch of the dungeon, and saw 2 of its levels.

You collected 31 gold pieces.

Inventory:

Hand Weapons
 a - a +0 hand axe (weapon)
 i - a +0 sling
Missiles
 e - 42 stones (quivered)
 f - a throwing net
 h - 5 javelins
 k - 3 poisoned darts
Armour
 b - a +0 robe (worn)
 d - an orb of light (worn)
 j - a +0 scale mail
Wands
 g - a wand of light (9)
Scrolls
 l - a scroll of enchant weapon {unknown}
Potions
 c - a potion of ambrosia


   Skills:
 + Level 3.5 Fighting
 * Level 3.1 Axes
 - Level 2.4 Dodging
 * Level 1.7 Stealth


You had one spell level left.
You didn't know any spells.
Your spell library was empty.

Dungeon Overview and Level Annotations

Branches:
Dungeon (2/15) Zot: 11645

Altars:


Innate Abilities, Weirdness & Mutations

You are immune to sickness and miasma.
Your stone body is resilient. (AC +2)
You are immune to poison.
You resist negative energy. (rN+)
You are resistant to electric shocks. (rElec)
You are resistant to unholy torment.
You are immune to petrification.


Message History

Welcome, jagoly the Gargoyle Monk.
If you return without finding the Orb of Zot, so far below, it's all over!
Press ? for a list of commands and other information.
Found 2 stones.
Found a staircase leading out of the dungeon.
You see here a stone.
e - a stone
e - 2 stones (gained 1)
You open the door.
Found 22 stones.
Found 8 stones.
There is an open door here.
e - 5 stones (gained 3)
e - 6 stones (gained 1)
e - 7 stones (gained 1)
e - 8 stones (gained 1)
e - 9 stones (gained 1)
e - 10 stones (gained 1)
e - 11 stones (gained 1)
e - 13 stones (gained 2)
e - 15 stones (gained 2)
e - 17 stones (gained 2)
e - 20 stones (gained 3)
e - 22 stones (gained 2)
e - 26 stones (gained 4)
e - 27 stones (gained 1)
e - 28 stones (gained 1)
e - 29 stones (gained 1)
e - 30 stones (gained 1)
e - 31 stones (gained 1)
You open the door.
Found 6 stones.
There is an open door here.
A kobold comes into view. It is wielding a +0 dagger.
Found a stone staircase leading down.
The kobold shouts!
The kobold throws a stone.
The stone hits you.
You see here 6 stones.
A hobgoblin comes into view.
The hobgoblin shouts!
The hobgoblin moves out of view.
There are no items here.
You see here 6 stones.
e - 37 stones (gained 6)
Found an escape hatch in the floor.
The kobold hits you but does no damage.
You hit the kobold.
The kobold is heavily wounded.
The kobold hits you but does no damage.
You hit the kobold.
You kill the kobold!
You hit the hobgoblin. The hobgoblin barely misses you.
You hit the hobgoblin but do no damage.
The hobgoblin is moderately wounded.
The hobgoblin hits you.
You hit the hobgoblin.
The hobgoblin is severely wounded.
The hobgoblin hits you.
You hit the hobgoblin.
You kill the hobgoblin!
No target in view!
e - 42 stones (gained 5)
You see here a +0 dagger.
There is a stone staircase leading down here.
You climb downwards.
Found 13 gold pieces.
There is a stone staircase leading up here.
You now have 13 gold pieces.
You open the door.
There is an open door here.
Found a club and a whip.
Found an escape hatch in the ceiling.
Found a throwing net.
An endoplasm comes into view.
The endoplasm quivers.
Found 6 gold pieces.
You see here a throwing net.
f - a throwing net The endoplasm freezes you.
You are frozen.
You hit the endoplasm.
The endoplasm is moderately wounded.
The endoplasm freezes you.
You are frozen.
You hit the endoplasm.
The endoplasm is severely wounded.
The endoplasm hits you.
* * * LOW HITPOINT WARNING * * *
Cleave: a) +0 hand axe
Press: ? - help, Dir - move target, f - endoplasm
Aim: an endoplasm (severely wounded, haloed, about 3% to evade your +0 hand axe)
You hit the endoplasm.
You kill the endoplasm!
Found an encrusted ivory wand.
Found 5 javelins.
g - a wand of light (10)
Found a sling.
You see here 5 javelins.
h - 5 javelins
Found a stone staircase leading up.
Found a scale mail.
HP restored.
You see here a +0 sling.
i - a +0 sling HP restored.
There is a stone staircase leading up here.
You see here a +0 scale mail.
j - a +0 scale mail
There is a stone staircase leading up here.
You climb upwards.
There is a stone staircase leading down here.
You climb downwards.
There is a stone staircase leading up here.
You climb upwards.
There is a stone staircase leading down here.
Found 3 poisoned darts.
Found 3 gold pieces.
An endoplasm comes into view.
The endoplasm quivers.
You see here 3 gold pieces.
Unknown command.
You now have 16 gold pieces (gained 3).
Found a robe.
You see here 3 poisoned darts.
k - 3 poisoned darts You hit the endoplasm.
The endoplasm is moderately wounded.
The endoplasm barely misses you. The endoplasm closely misses you.
You hit the endoplasm but do no damage.
The endoplasm is moderately wounded.
The endoplasm hits you but does no damage.
You hit the endoplasm.
The endoplasm is heavily wounded.
The endoplasm hits you but does no damage.
You hit the endoplasm.
You kill the endoplasm!
No target in view!
There is an escape hatch in the floor here.
You slide downwards.
The hatch slams shut behind you.
You open the door.
There is an open door here.
There is an open door here.
Found 9 gold pieces.
You now have 22 gold pieces (gained 6).
You now have 31 gold pieces (gained 9).
You enter a teleport trap!
The teleport trap disappears.
Your surroundings suddenly seem different.
Found a scroll labelled EXOTHR PANYR.
l - a scroll labelled EXOTHR PANYR You open the door.
There is an open door here.
You open the door.
There is an open door here.
A giant cockroach and a frilled lizard come into view.
The frilled lizard hisses angrily.
There are monsters nearby!
A ball python comes into view.
The ball python hisses angrily.
You hit the giant cockroach.
The giant cockroach is moderately wounded.
The giant cockroach bites you but does no damage.
You hit the giant cockroach.
The giant cockroach is almost dead.
You barely miss the frilled lizard.
The giant cockroach bites you but does no damage.
The frilled lizard bites you. The giant cockroach barely misses you.
You hit the giant cockroach.
You kill the giant cockroach!
You closely miss the frilled lizard. You hit the ball python.
You kill the ball python!
The frilled lizard misses you. The frilled lizard barely misses you.
Your Stealth skill increases to level 1!
You have reached level 2!
You hit the frilled lizard.
You kill the frilled lizard!
No target in view!
No target in view!
You see here a giant cockroach corpse.
HP restored.
A goblin comes into view. It is wielding a +0 dagger.
The goblin unwields a +0 dagger.
The goblin wields a +0 sling.
The goblin shoots a sling bullet.
The sling bullet hits you.
A goblin is nearby!
The goblin shoots a sling bullet.
The sling bullet misses you.
The goblin shoots a sling bullet.
The sling bullet hits you but does no damage.
The goblin unwields a +0 sling.
The goblin wields a +0 dagger.
The goblin misses you.
You hit the goblin.
You kill the goblin!
No target in view!
No target in view!
Things that are here:
a +0 dagger; a +0 sling; a goblin corpse You open the door. 2 gnolls come into view.
The gnoll shouts!
Found a silver ring.
There are monsters nearby! 2 gnolls come into view.
Found a scroll labelled UPHISH TUPSA.
The gnoll shouts! x2
A ribbon worm comes into view.
You hit the ribbon worm.
The ribbon worm is lightly wounded.
The ribbon worm bites you but does no damage.
You hit the ribbon worm.
The ribbon worm is heavily wounded.
The ribbon worm completely misses you.
You hit the ribbon worm but do no damage.
The ribbon worm is heavily wounded.
The ribbon worm barely misses you.
You hit the ribbon worm but do no damage.
The ribbon worm is moderately wounded.
You hit the gnoll but do no damage.
The ribbon worm expels a string of sticky webbing.
The stream of webbing hits you but does no damage.
You are caught in a web!
The web tears apart.
The gnoll misses you. The gnoll barely misses you.
You hit the ribbon worm but do no damage.
The ribbon worm is moderately wounded.
You barely miss the gnoll.
The gnoll hits you from afar with a +0 spear.
The gnoll completely misses you. The ribbon worm misses you.
The gnoll hits you from afar with a +0 spear.
You slash the ribbon worm!
The ribbon worm is severely wounded.
You hit the gnoll but do no damage. The gnoll completely misses you.
The ribbon worm expels a string of sticky webbing.
The stream of webbing misses you.
The stream of webbing hits the gnoll but does no damage.
The gnoll is caught in a web!
The gnoll barely misses you.
The gnoll tears the web.
You hit the ribbon worm.
The ribbon worm is almost dead.
You hit the gnoll. You hit the gnoll but do no damage.
The gnoll barely misses you. The ribbon worm bites you.
* * * LOW HITPOINT WARNING * * *
The gnoll closely misses you. x2
You hit the ribbon worm.
You kill the ribbon worm!
You hit the gnoll but do no damage. You hit the gnoll.
The gnoll closely misses you. The gnoll hits you with a +0 club.
* * * LOW HITPOINT WARNING * * *
Your Axes skill increases to level 3!
You see here a ribbon worm corpse.
The gnoll attacks as it pursues you! The gnoll barely misses you.
The gnoll hits you but does no damage. The gnoll barely misses you.
The gnoll attacks as it pursues you! The gnoll barely misses you.
Cleave: a) +0 hand axe
Press: ? - help, Dir - move target, f - gnoll
Aim: a gnoll, wielding a +0 club (heavily wounded, haloed, about 18% to evade your +0 hand axe)
You hit the gnoll but do no damage.
The gnoll is heavily wounded.
The gnoll closely misses you.
Cleave: a) +0 hand axe
Press: ? - help, Dir - move target, f/p - gnoll
Aim: a gnoll, wielding a +0 club (heavily wounded, haloed, about 18% to evade your +0 hand axe)
You hit the gnoll.
The gnoll is heavily wounded.
The gnoll hits you but does no damage.
Cleave: a) +0 hand axe
Press: ? - help, Dir - move target, f/p - gnoll
Aim: a gnoll, wielding a +0 club (heavily wounded, haloed, about 18% to evade your +0 hand axe)
You hit the gnoll.
You kill the gnoll!
The gnoll misses you. The gnoll barely misses you.
Aiming: Bolt of Light
Press: ? - help, Shift-Dir - straight line, f - gnoll
Aim: a gnoll, wielding a +0 spear (haloed, 83% to hit)
The bolt of light hits the gnoll!
The gnoll is heavily wounded.
The gnoll is blinded.
The bolt of light hits the gnoll!
The gnoll is severely wounded.
The gnoll is blinded.
The gnoll closely misses you. The gnoll misses you.
The gnoll hits you with a +0 whip.
* * * LOW HITPOINT WARNING * * *
Cleave: a) +0 hand axe
Press: ? - help, Dir - move target, f - gnoll, p - gnoll
Aim: a gnoll, wielding a +0 flail (heavily wounded, blind, unable to see you, haloed, about 18% to evade your +0 hand axe)
You strike the helpless gnoll from behind!
You hit the gnoll.
The gnoll is almost dead.
You hit the gnoll.
The gnoll hits you from afar with a +0 spear.
You die...

......#...##
##'#....#..##
#......##..##
###.####....#
#.###..##..#
..##††..##..#
####..##..##..##
##..## ...##..##
##..##
##..##@g## #..##
#..##g.# ##..##
##..##.g##
##..## ...##g.##
##..##..##.g##
##....##..## #
##..##..## ###.#
##....#####g...#
##..##...gg.=.#


You could see 3 gnolls.

Vanquished Creatures
  A gnoll (D:2)
  A ribbon worm (D:2)
  2 endoplasms
  A giant cockroach (D:2)
  A goblin (D:2)
  A hobgoblin (D:1)
  A kobold (D:1)
  A ball python (D:2)
  A frilled lizard (D:2)
10 creatures vanquished.

Notes
Turn   | Place    | Note
-------+----------+-------------------------------------------
     0 | D:1      | jagoly the Gargoyle Monk began the quest for the Orb.
     0 | D:1      | Reached XP level 1. HP: 14/14 MP: 1/1
   289 | D:2      | Reached skill level 1 in Stealth
   289 | D:2      | Reached XP level 2. HP: 16/19 MP: 2/2
   349 | D:2      | Slain by a gnoll

Illustrated notes

Levels and vault maps discovered:
D:1:      minmay_arrival_shattered_statue, layout_loops_cross, serial_forest,
          infiniplex_forest_straight_4, infiniplex_forest_clump_tiny,
          infiniplex_forest_straight_1, infiniplex_forest_straight_1,
          infiniplex_forest_end_3, infiniplex_forest_straight_3,
          infiniplex_forest_clump_diagonal, infiniplex_forest_clump_curved,
          infiniplex_forest_straight_3, infiniplex_forest_end_3
D:2:      minmay_alternating_diamond, layout_basic, basic_ecumenical_altar,
          serial_shops, nicolae_shop_tiny_waterfront, shop, uniq_robin

Skill      XL: |  1  2 |
---------------+-------+-----
Stealth        | 1 |  1.7
Axes           | 3 |  3.1
Fighting       | |  3.5
Dodging        | |  2.4

Action                     || total
---------------------------++-------
  Melee: Hand axe          ||    29
  Evoke: Wand              ||     1
   Stab: Invisible         ||     1
 Armour: Robe              ||    22
  Dodge: Dodged            ||    29
